[Event "Sautron op 15th"]
[Site "Sautron"]
[Date "2015.10.24"]
[Round "3.7"]
[White "Barbot, Pierre"]
[Black "Ibrahim, Hatim"]
[Result "0-1"]
[ECO "E15"]
[WhiteElo "2447"]
[BlackElo "2311"]
[Annotator "RR"]
[PlyCount "68"]
[EventDate "2015.10.24"]
[EventType "swiss"]
[EventRounds "9"]
[EventCountry "FRA"]
[SourceTitle "CBM 169 Extra"]
[Source "ChessBase"]
[SourceDate "2015.12.18"]
[SourceVersion "1"]
[SourceVersionDate "2015.12.18"]
[SourceQuality "1"]
[TimeControl "40/5400+30:1800+30"]
[WhiteClock "0:06:31"]
[BlackClock "0:09:23"]

1. d4 Nf6 2. c4 e6 3. Nf3 b6 4. g3 Ba6 (4... Bb7) 5. Qb3 (5. Qc2) (5. b3 {La grande
ligne} Bb4+ (5... Bb7 6. Bg2 Bb4+ 7. Bd2 a5) 6. Bd2 Be7) 5... Nc6 $1 {[%emt 0:
01:21][%cal Gc6a5,Ga5b3,Ga5c4] Exploitant la position un peu artificielle de
la Qb3} 6. Nbd2 (6. Bd2 $5 Rb8 7. Bg2 Na5 $5 ) 6... Bb7 (6...
Na5 7. Qa4 Bb7 8. Bg2 Rc8 9. c5 Nc6 10. Ne5 Nd5 11. Nd3 a5 12. O-O Ba6 13. Ne4
b5 14. Qd1 Nxd4 15. Nf4 Nxf4 16. Bxf4 Nc6 17. Qb3 b4 18. Rfd1 Bxe2 19. Rd2 Bh5
20. g4 Bg6 21. Rad1 Nb8 22. Qe3 Be7 23. c6 d5 24. Nf6+ gxf6 25. Bxd5 e5 26.
Bxf7+ Kxf7 27. Rxd8 Rhxd8 28. Qb3+ Kg7 29. Be3 Nxc6 30. Rxd8 Rxd8 31. Qe6 Bf7
32. Qf5 Nd4 {0-1 (32) Sargissian,G (2673)-Harikrishna,P (2740) Linares 2015})
7. e4 {[%emt 0:06:15] La ligne critique} Be7 (7... d5 {
La grande ligne} 8. cxd5 exd5 9. e5) 8. d5 $5 (8. Bg2 O-O 9.
O-O d6 10. d5 $14 {Aronian,L (2648)-Schmaltz,R (2527) GER-ch Internet g/5'
blitz 2004 (10) 1-0}) 8... exd5 9. exd5 Nb4 (9... Na5) 10. Bg2 O-O 11.
O-O c6 $1 12. a3 Na6 13. dxc6 dxc6 14. Qc3 $146 (14. Ne5 Qc7 15. Ndf3 Nc5 16. Qc2 a5 17. Bd2 Nce4 18. Bf4 Bd6
19. Nd3 c5 20. a4 Rad8 21. Rad1 h6 22. Bc1 Rfe8 23. Nh4 Qc8 24. b3 Bf8 25. Bb2
Ng4 26. h3 Ngf6 27. Kh2 Bd6 28. f4 Nh5 29. g4 Nhg3 30. Rf3 Be7 31. Rxg3 Nxg3
32. Bxb7 Qxb7 33. Kxg3 Bxh4+ 34. Kxh4 Re3 35. Nf2 Rxd1 36. Nxd1 Qe7+ 37. g5
hxg5+ 38. fxg5 Re4+ 39. Kg3 Qxg5+ 40. Kf2 Qf5+ 41. Kg3 Rg4+ {0-1 (41)
Percivaldi,M (2310)-Brunello,S (2539) Helsingor 2015}) 14... Nc5 15. b4 Nd3 16. Nd4 Nxc1 17. Raxc1 Qd7 18. Rfe1 Rfe8 19. c5 bxc5 20. bxc5 Rad8 21. N2b3 Nd5 22. Qc4 Qc7 23. Qa4 Ba8 24. Na5 $13 Bg5 $1 {[%emt 0:06:17] Les pièces Blanches sont un peu
désorganisées} 25. f4 Nxf4 $1 26. gxf4 Bxf4 27. Naxc6 $2 (
27. Nab3 Bxc1 28. Rxc1 {[%csl Ra8] Et les Blancs peuvent peut-être tenir la
position}) 27... Bxc1 28. Rxc1 Qf4 29. Rf1 (29. Nxd8 Qxc1+) 29... Bxc6 30. Bxc6 Qe3+ 31. Kh1 Rxd4 32. Qxa7 Rf8 33. Bg2 Rc4 34. Bd5 Rc1 0-1